 Dungeon Sprint DCSS version 0.30-a0-475-g03497ec522 (webtiles) character file.

Game seed: 7897794934389369223

300 rocky1 the Carver (level 6, -1/52 HPs)
             Began as a Merfolk Gladiator on Dec 21, 2022.
             Was an Initiate of Gozag.
             Slain by a spatial vortex (23 damage)
             ... in the Dungeon (Sprint III: "The Ten Rune Challenge").
             The game lasted 00:02:45 (572 turns).

rocky1 the Carver (Merfolk Gladiator)                Turns: 572, Time: 00:02:46

Health: -1/52      AC:  4    Str: 14    XL:     6   Next: 36%
Magic:  10/11      EV: 16    Int:  8    God:    Gozag
Gold:   12         SH:  0    Dex: 17    Spells: 5/12 levels left

rFire   . . .      SeeInvis .    a - +0 long sword
rCold   . . .      Faith    .    (no shield)
rNeg    . . .      Spirit   .    b - +0 leather armour
rPois   .          Reflect  .    c - +0 helmet
rElec   .          Harm     .    (no cloak)
rCorr   .          Rampage  .    (no gloves)
Will    .....      NoTele   +    (no boots)
Stlth   +++.......               (no amulet)
HPRegen 0.28/turn                (no ring)
MPRegen 0.12/turn                (no ring)

@: no status effects
A: (nimble swimmer 2), mertail
a: Renounce Religion, Potion Petition, Call Merchant, Bribe Branch


You were in the Dungeon.
You worshipped Gozag.
Gozag was noncommittal.
You visited 1 branch You collected 12 gold pieces.

Inventory:

Hand Weapons
 a - a +0 long sword (weapon)
Missiles
 d - 2 throwing nets (quivered)
 e - a javelin
Armour
 b - a +0 leather armour (worn)
 c - a +0 helmet (worn)
Scrolls
 k - a scroll of blinking
 m - 2 scrolls of torment
 n - a scroll of identify
Potions
 f - a potion of curing
 h - a potion of haste
 i - 2 potions of magic
 l - 4 potions of mutation
 o - a potion of cancellation


   Skills:
 + Level 5.9 Fighting
 * Level 9.3 Long Blades
 - Level 2.0 Throwing
 + Level 7.9 Dodging
 + Level 5.8 Stealth
 + Level 3.6 Spellcasting
 + Level 4.4 Ice Magic


You had 5 spell levels left.
You knew the following spells:

 Your Spells              Type           Power      Damage    Failure   Level
a - Freeze                Ice            32%        1d5       6%          1
b - Frozen Ramparts       Ice            16%        1d3       19%         3
c - Hailstorm             Conj/Ice       5%         3d4       43%         3

Your spell library contained the following spells:

 Spells                   Type           Power      Damage    Failure   Level
 Summon Lightning Spire   Summ/Air       1%         N/A       98%         4
 Storm Form               Tmut/Air       0%         N/A       100%        7
 Maxwell's Capacitive Co  Air            0%         ∞         100%        8


Dungeon Overview and Level Annotations

Branches:
Dungeon (1/1)

Altars:
Cheibriados
Fedhas
Gozag
Hepliaklqana
Makhleb
Nemelex Xobeh
Qazlal
Xom
Jiyva
Lugonu


Innate Abilities, Weirdness & Mutations

((You are very nimble when in or above water. (Stealth+, EV+, Speed+++)))
Your lower body shifts to a powerful aquatic tail in water.


Message History

Press: ? - help, Shift-Dir - straight line, f - spatial vortex
Aim: a spatial vortex You freeze the spatial vortex.
The spatial vortex resists.
The spatial vortex is lightly damaged.
There is a hazy altar of Hepliaklqana here.
Casting: Freeze (safe; 6% risk of failure)
Confirm with . or Enter, or press ? or * to list all spells.
Aiming: Freeze (safe; 6% risk of failure)
Press: ? - help, Shift-Dir - straight line, f/p - spatial vortex
Aim: a spatial vortex (lightly damaged)
You freeze the spatial vortex.
The spatial vortex resists.
The spatial vortex is lightly damaged.
The spatial vortex misses you.
Unknown command.
Press < or > to pray at altars.
The spatial vortex closely misses you.
There is a snail-covered altar of Cheibriados here.
You slash the spatial vortex!
The spatial vortex is lightly damaged.
There is an open door here.
You slash the spatial vortex!
The spatial vortex is moderately damaged.
The spatial vortex hits you!
You hit the spatial vortex.
The spatial vortex is moderately damaged.
The spatial vortex closely misses you.
You completely miss the spatial vortex.
The spatial vortex is moderately damaged.
You slash the spatial vortex!
The spatial vortex is heavily damaged.
You slash the spatial vortex!
The spatial vortex is severely damaged.
The spatial vortex hits you!
You are too injured to fight recklessly!
You are too injured to fight recklessly!
You slash the spatial vortex!
The spatial vortex is severely damaged.
The spatial vortex hits you!!
You die...
Your body crumbles into a pile of gold.

♣.♣ ♣.#
~.♣♣♣♣.###+#+###+##$
$
~.♣♣...#..........#
$ $$
~~.♣.♣.'.⌠........#
$ $$$ $$
≈~~~♣..#...######'#$
$ $$ $
~~~....#.⌠.#__#...#
~~.....#...#__#...#
.......#+###__#...#
.......# $#__#.@.+
.......# #__'..v#
▓▓▓▓▓▓▓▓ ▓▓▓▓▓▓▓▓ $$


You could see a spatial vortex.

Vanquished Creatures
  A shadow (D)
  A water elemental (D)
  A jelly (D)
  Jessica (D)
  A human (D)
  A wolf (D)
  2 rats (D)
8 creatures vanquished.

Notes
Turn   | Place    | Note
-------+----------+-------------------------------------------
     0 | D        | rocky1 the Merfolk Gladiator began the quest for the Orb.
     0 | D        | Reached XP level 1. HP: 16/16 MP: 1/1
     9 | D        | Reached skill level 4 in Long Blades
    34 | D        | Noticed Jessica
    37 | D        | Killed Jessica
    38 | D        | Reached skill level 5 in Long Blades
    38 | D        | Reached skill level 5 in Dodging
    38 | D        | Reached XP level 2. HP: 24/24 MP: 2/2
    38 | D        | Reached XP level 3. HP: 29/29 MP: 3/3
    45 | D        | Learned a level 1 spell: Freeze
    88 | D        | Reached skill level 6 in Long Blades
    88 | D        | Reached skill level 1 in Ice Magic
   158 | D        | Reached skill level 1 in Spellcasting
   158 | D        | Reached XP level 4. HP: 26/37 MP: 5/5
   335 | D        | Noticed a water elemental
   343 | D        | Killed a water elemental
   344 | D        | Reached skill level 7 in Long Blades
   344 | D        | Reached XP level 5. HP: 36/43 MP: 5/8
   406 | D        | Learned a level 3 spell: Frozen Ramparts
   410 | D        | Learned a level 3 spell: Hailstorm
   422 | D        | Noticed a shadow
   437 | D        | Killed a shadow
   438 | D        | Reached skill level 5 in Fighting
   438 | D        | Reached skill level 9 in Long Blades
   438 | D        | Reached skill level 5 in Stealth
   438 | D        | Reached XP level 6. HP: 36/52 MP: 8/11
   553 | D        | Found a blossoming altar of Fedhas.
   553 | D        | Found a stormy altar of Qazlal.
   553 | D        | Found a snail-covered altar of Cheibriados.
   553 | D        | Found a burning altar of Makhleb.
   553 | D        | Found a shimmering altar of Xom.
   554 | D        | Found a hazy altar of Hepliaklqana.
   554 | D        | Found an opulent altar of Gozag.
   554 | D        | Found a sparkling altar of Nemelex Xobeh.
   554 | D        | Found a corrupted altar of Lugonu.
   554 | D        | Found a viscous altar of Jiyva.
   554 | D        | Noticed a spatial vortex
   558 | D        | Became a worshipper of Gozag Ym Sagoz the Greedy
   572 | D        | Slain by a spatial vortex

Illustrated notes

Levels and vault maps discovered:
D:        dungeon_sprint_mu [sprint_mu_entry_forest, sprint_mu_temple_rooms,
          sprint_mu_d1_horrors, sprint_mu_d2_genie, sprint_mu_d3_branching,
          sprint_mu_orc_legion, sprint_mu_elf_gauntlet, sprint_mu_hive_nellie,
          sprint_mu_lair_fedhas, sprint_mu_vaults_butterflies,
          sprint_mu_slime_circle, sprint_mu_swamp_cave, sprint_mu_snake_twists,
          sprint_mu_blade_basic, sprint_mu_crypt_chambers,
          sprint_mu_tomb_spiral, sprint_mu_vestibule_basic,
          sprint_mu_gehenna_hellfire, sprint_mu_dis_giant,
          sprint_mu_tartarus_statrot, sprint_mu_cocytus_islands, sprint_mu_zot1]

Skill      XL: |  1  2  3  4  5 |
---------------+----------------+-----
Long Blades    | 5 6 7 9 |  9.3
Fighting       | 3 4 5 |  5.9
Dodging        | 5 6 7 |  7.9
Stealth        | 2 3 4 5 |  5.8
Ice Magic      | 1 2 4 |  4.4
Spellcasting   | 1 2 3 |  3.6
Throwing       | |  2.0

Action                   |  1- 3 |  4- 6 || total
-------------------------+-------+-------++-------
Melee: Long sword        |    29 |    27 ||    56
       Tailslap          |     3 |       ||     3
       Punch             |       |     1 ||     1
Throw: Throwing net      |     2 |       ||     2
 Cast: Freeze            |       |     2 ||     2
  Use: Scroll            |       |     3 ||     3
       Potion            |       |     3 ||     3
 Stab: Sleeping          |       |     1 ||     1
Armor: Leather armour    |     3 |     1 ||     4
Dodge: Dodged            |    17 |    13 ||    30

Table legend: (Time is in decaauts)
 A = Elapsed time spent in this place.
 B = Non-inter-level travel time spent in this place.
 C = Inter-level travel time spent in this place.
 D = Time resting spent in this place.
 E = Time spent auto-exploring this place.
 F = Levels seen in this place.
 G = Mean time per level.
                   A        B        C        D        E       F      G
               +--------+--------+--------+--------+--------+-----+--------+
         Total |    560 |    560 |      0 |    366 |      1 |   1 |  560.0 |
       Dungeon |    560 |    560 |      0 |    366 |      1 |   1 |  560.0 |
               +--------+--------+--------+--------+--------+-----+--------+

Top non-repeatable levels by time:
       D: 560 daAuts
